 Dungeon Crawl Stone Soup version 0.20.1-1-g8b1a95d66d (webtiles) character file.

71 Gomac the Sneak (level 4, -1/23 HPs)
             Began as a Spriggan Assassin on Dec 8, 2017.
             Slain by a goblin
             ... wielding a +0 club
             ... led by Robin
              (4 damage)
             ... on level 2 of the Dungeon.
             The game lasted 00:03:07 (1309 turns).

Gomac the Sneak (Spriggan Assassin)                 Turns: 1309, Time: 00:03:12

Health: -1/23      AC:  3    Str:  7    XL:     4   Next: 5%
Magic:  5/5        EV: 18    Int: 12    God:
Gold:   71         SH:  0    Dex: 18    Spells: 3/3 levels left

rFire    . . .     SeeInvis +   a - +2 dagger
rCold    . . .     Gourm    .   (shield restricted)
rNeg     . . .     Faith    .   c - +0 robe
rPois    .         Spirit   .   (helmet restricted)
rElec    .         Reflect  .   d - +0 cloak
rCorr    .         Harm     .   (gloves unavailable)
MR       .....                  (boots unavailable)
Stlth    ++++......             (no amulet)
Regen    0.1/turn               (no ring)
MPRegen  0.1/turn               (no ring)

@: very quick
A: unfitting armour, see invisible, herbivore 3, speed 3, slow metabolism 2
a: no special abilities


You were on level 2 of the Dungeon.
You were not hungry.

You visited 1 branch of the dungeon, and saw 2 of its levels.

You collected 71 gold pieces.

Inventory:

Hand Weapons
 a - a +2 dagger (weapon)
 b - a +0 blowgun
 i - a cursed -1 short sword
Missiles
 e - 35 poisoned needles
 f - 2 curare-tipped needles
Armour
 c - a +0 robe (worn)
 d - a +0 cloak (worn)
Scrolls
 j - a scroll of identify {unknown}
 k - a scroll of enchant armour {unknown}
 m - a scroll of remove curse
Potions
 l - a potion of brilliance {unknown}
Comestibles
 g - a bread ration
 h - a royal jelly


   Skills:
 + Level 2.0 Fighting
 + Level 2.7 Short Blades
 + Level 2.0 Throwing
 + Level 2.6 Dodging
 + Level 7.3 Stealth


You had 3 spell levels left.
You didn't know any spells.

Dungeon Overview and Level Annotations

Branches:
Dungeon (2/15)

Altars:

Annotations:
D:2 Robin


Innate Abilities, Weirdness & Mutations

You are very small and have problems with some larger weapons.
You are too small for most types of armour.
You have supernaturally acute eyesight. (SInv)
You are a herbivore.
You cover ground extremely quickly.
You need consume almost no food.


Message History

The hobgoblin hits you with a club! The goblin misses you.
The goblin closely misses you.
You are too injured to fight recklessly!
You are too injured to fight recklessly!
You are too injured to fight recklessly!
You are too injured to fight recklessly!
You are too injured to fight recklessly!
You are too injured to fight recklessly!
You are too injured to fight recklessly!
You are too injured to fight recklessly!
You are too injured to fight recklessly!
You are too injured to fight recklessly!
You are too injured to fight recklessly!
You completely miss the goblin.
The goblin hits you from afar with a spear.
* * * LOW HITPOINT WARNING * * *
The hobgoblin hits you with a club.
* * * LOW HITPOINT WARNING * * *
The goblin hits you with a club.
You die...

..#########
..........########
..####........†..#
..# #....######.#
..####....# #.#
###.#.###.# #.#
#.#.## #.# #.#
##.#.# #.# #g#
##.#.####.# #@#
÷.####....# #g#
..# #%...# #g#
..####....# #g#
..........# #g#
....#.##### #g#
......# #g#
....### ..# #####


You could see Robin, a hobgoblin and 5 goblins.

Vanquished Creatures
  Natasha (D:2)
  A dart slug (D:1)
  A leopard gecko (D:1)
  3 goblins
  8 hobgoblins
  13 jackals
  3 kobolds (D:1)
  A bat (D:1)
  2 frilled lizards (D:1)
  4 rats
37 creatures vanquished.

Notes
Turn   | Place    | Note
-------+----------+-------------------------------------------
     0 | D:1      | Gomac the Spriggan Assassin began the quest for the Orb.
     0 | D:1      | Reached XP level 1. HP: 10/10 MP: 2/2
    37 | D:1      | Reached skill level 6 in Stealth
    99 | D:1      | Reached XP level 2. HP: 14/14 MP: 3/3
   733 | D:1      | Reached XP level 3. HP: 17/18 MP: 4/4
   816 | D:2      | Reached skill level 7 in Stealth
  1094 | D:2      | Noticed Natasha
  1098 | D:2      | Killed Natasha
  1236 | D:2      | Reached XP level 4. HP: 22/23 MP: 5/5
  1303 | D:2      | Noticed Robin
  1309 | D:2      | Slain by a goblin

Skill      XL: |  1  2  3 |
---------------+----------+-----
Stealth        | 6 7 |  7.3
Dodging        | 2 |  2.6
Fighting       | 2 |  2.0
Short Blades   | |  2.7
Throwing       | |  2.0

Action                   |  1- 3 |  4- 6 || total
-------------------------+-------+-------++-------
Melee: Dagger            |   116 |    21 ||   137
  Use: Scroll            |     2 |       ||     2
       Potion            |     1 |       ||     1
 Stab: Sleeping          |    14 |       ||    14
Armor: Robe              |    14 |     6 ||    20
Dodge: Dodged            |    91 |    20 ||   111
